Map: Automaton LE

Players

SpeCial

  • Race: Terran Terran
  • Spawn Location: 3:00

Creator - Winner!

  • Race: Protoss Protoss
  • Spawn Location: 9:00

Event: IEM Season 13: Katowice (2019)

VOD

Have the link to the VOD?

Description

Time

  • Played on: Feb. 28, 2019, 7:03 a.m.
  • Length: 10:04

All games in this series

Show
View Real Time Build Order
Export as new Build Order

SpeCial Terran 

Build Orders: Cyclone Opening 

Get SALT Encoding   

  12  0:00  SCV  
  13  0:13  SCV  
  14  0:19  Supply Depot  
  14  0:25  SCV  
  15  0:40  SCV  
  15  0:41  Barracks  
  16  0:47  Refinery  
  16  0:52  SCV  
  17  0:58  Refinery  
  17  1:04  Barracks  
  17  1:05  SCV  
  18  1:17  SCV  
  19  1:29  SCV  
  20  1:41  SCV  
  21  1:50  Factory  
  21  1:51  Reaper  
  21  1:53  Orbital Command  
  22  2:02  Supply Depot  
  22  2:19  SCV  
  23  2:27  Barracks Reactor  
  23  2:31  SCV  
  23  2:36  Factory Tech Lab  
  24  2:39  Command Center  
  24  2:44  SCV  
  25  2:51  Starport  
  25  2:59  Cyclone  
  25  3:02  SCV  
  29  3:09  Supply Depot  
  29  3:13  Marine  
  29  3:14  SCV  
  31  3:28  Starport Tech Lab  
  31  3:30  SCV, Marine  
  33  3:38  Siege Tank  
  33  3:41  Marine  
  37  3:46  Cloaking Field  
  37  3:48  Marine  
  37  3:50  SCV  
  37  3:54  Banshee  
  41  4:01  Marine  
  41  4:02  SCV  
  43  4:06  Marine  
  44  4:12  Orbital Command  
  44  4:15  SCV  
  45  4:19  Marine  
  45  4:22  Siege Tank  
  45  4:23  Marine  
  50  4:28  Supply Depot  
  50  4:37  Banshee, Marine  
  54  4:49  SCV x2, Marine  
  54  4:50  Supply Depot  
  57  5:00  Barracks  
  57  5:01  SCV x2  
  57  5:02  Siege Tank  
  57  5:05  Barracks  
  62  5:11  Marine  
  62  5:13  SCV, Supply Depot  
  62  5:14  SCV, Marine  
  66  5:20  Engineering Bay  
  66  5:22  Refinery  
  66  5:26  SCV x2  
  68  5:30  Starport Reactor  
  68  5:39  Marine  
  68  5:41  Barracks, Marine  
  70  5:44  Barracks, Factory Reactor  
  70  5:45  SCV  
  70  5:46  SCV  
  72  5:50  Terran Infantry Weapons Level 1  
  72  5:55  Refinery  
  73  5:57  Stimpack, SCV  
  73  5:59  Marine  
  73  6:01  SCV  
  76  6:06  Marine  
  76  6:11  Combat Shield  
  77  6:13  Marauder  
  78  6:20  Marauder, SCV  
  78  6:25  Supply Depot  
  78  6:29  Barracks Tech Lab  
  78  6:33  Barracks Reactor  
  78  6:35  SCV x2, Medivac, Marine x2  
  78  6:39  Supply Depot  
  84  6:41  Medivac  
  86  6:47  SCV  
  86  6:48  Supply Depot  
  86  6:49  Marauder x2  
  86  6:50  Marauder  
  86  6:53  Marine  
  94  6:59  Marine  
  94  7:00  SCV x2  
  94  7:06  Concussive Shells, Supply Depot  
  94  7:11  Marine  
  94  7:12  Widow Mine x2, SCV  
  94  7:14  Medivac  
  102  7:17  Medivac, Marine  
  105  7:26  Marauder, Marine  
  105  7:28  Marine  
  105  7:29  SCV, Supply Depot  
  109  7:35  Widow Mine, Marine  
  109  7:36  Widow Mine  
  114  7:48  Marine x2  
  114  7:49  Marauder  
  114  7:50  Marine  
  117  7:53  Marine  
  117  7:55  Marine  
  117  7:56  Widow Mine  
  117  7:57  Medivac  
  117  7:58  Widow Mine  
  125  8:04  Medivac  
  124  8:07  Marauder  
  124  8:11  Supply Depot  
  126  8:22  Marine  
  126  8:25  Marine  
  126  8:31  Marine  
  126  8:32  Marine  
  126  8:33  Marauder x2, Widow Mine x2  
  131  8:41  Marauder  
  131  8:45  Medivac  
  133  8:51  Supply Depot  
  133  8:54  Widow Mine  
  133  9:08  Marine  
  134  9:12  Marine  
  134  9:13  Marauder x2  
  133  9:21  Marauder  
  102  9:25  Marine x2  
  83  9:33  Marine  
  83  9:34  Marauder x2, Marine  
  85  9:43  Marauder, Marine  
Show
View Real Time Build Order
Export as new Build Order

Creator Protoss - Winner!

Build Orders: 1 Gate Expand, Blink Stalkers 

Get SALT Encoding   

  12  0:00  Probe  
  13  0:12  Probe  
  14  0:17  Pylon  
  14  0:24  Probe  
  15  0:32  Probe  
  15  0:40  Gateway, Probe  
  17  0:50  Assimilator  
  17  0:51  Probe  
  18  1:03  Probe  
  19  1:15  Probe  
  20  1:27  Cybernetics Core  
  20  1:40  Nexus  
  20  1:41  Probe  
  20  1:47  Pylon  
  21  1:52  Assimilator  
  21  1:54  Probe  
  22  1:56  Adept  
  22  2:06  Probe  
  22  2:07  Warp Gate  
  25  2:18  Probe  
  26  2:25  Stalker  
  27  2:33  Probe  
  28  2:43  Twilight Council  
  28  2:45  Probe  
  29  2:51  Probe  
  29  2:53  Stalker  
  29  2:58  Probe  
  33  3:00  Blink  
  33  3:04  Probe  
  34  3:08  Probe  
  34  3:12  Probe  
  35  3:16  Probe  
  36  3:20  Probe  
  36  3:24  Probe  
  38  3:30  Probe  
  40  3:36  Probe  
  40  3:37  Pylon  
  41  3:42  Probe  
  43  3:48  Probe  
  43  3:49  Gateway  
  43  3:50  Gateway  
  43  3:54  Probe  
  44  3:57  Sentry  
  44  4:00  Probe  
  44  4:01  Pylon  
  47  4:07  Probe  
  47  4:08  Phoenix  
  48  4:11  Assimilator  
  48  4:12  Probe  
  48  4:16  Shield Battery  
  49  4:19  Probe  
  49  4:20  Stalker  
  52  4:27  Probe  
  52  4:30  Nexus  
  53  4:37  Probe  
  54  4:39  Probe, Shield Battery  
  54  4:44  Stalker x2  
  59  4:52  Shield Battery, Robotics Facility  
  59  4:53  Charge  
  59  4:55  Pylon  
  59  5:01  Probe  
  61  5:11  Gateway x2  
  60  5:19  Probe x2  
  62  5:22  Sentry, Zealot x2  
  68  5:32  Gateway, Observer  
  68  5:35  Gateway  
  68  5:39  Gateway  
  69  5:48  Stalker x2  
  72  5:51  Observer, Pylon  
  72  5:54  Shield Battery  
  72  5:55  Stalker  
  74  6:09  Stalker x2  
  74  6:11  Warp Prism  
  76  6:21  Zealot x2  
  80  6:27  Zealot  
  80  6:28  Zealot  
  80  6:31  Probe x3  
  87  6:41  Zealot  
  87  6:46  Probe, Pylon  
  87  6:47  Probe x2  
  92  6:48  Pylon  
  92  7:02  Pylon  
  92  7:05  Probe x3  
  95  7:09  Forge  
  95  7:10  Forge  
  95  7:14  Protoss Ground Armor Level 1, Protoss Ground Weapons Level 1  
  94  7:17  Probe x2, Colossus  
  94  7:19  Probe  
  94  7:22  Immortal  
  101  7:42  Zealot x8  
  113  7:53  Probe x3  
  113  7:57  Warp Prism  
  113  7:59  Stalker x2  
  105  8:09  Zealot, Templar Archives  
  105  8:10  Zealot x3  
  113  8:15  Zealot x2  
  113  8:19  Pylon  
  117  8:20  Pylon  
  117  8:37  Pylon  
  117  8:38  Pylon  
  117  8:39  Pylon  
  115  8:44  Shield Battery  
  115  8:45  Zealot, High Templar x4  
  115  8:46  Zealot x2  
  115  8:47  Zealot  
  129  8:49  Archon  
  129  8:50  Archon  
  127  9:00  Immortal  
  131  9:07  Zealot x4  
  130  9:24  Zealot x4  
  94  9:32  Stalker x4  
  102  9:45  Zealot x2  
  102  9:46  Zealot x2  
  106  10:01  Stalker x4  

Tags
 
Add a new tag
Caveats
  • Supply blocks, unpowered buildings, or Contaminate may cause inaccurate times.
  • Supply counts are checked every 10 seconds.